 Dungeon Crawl Stone Soup version 0.18.1-1-g2f07953 (webtiles) character file.

1807 pipel the Cleaver (level 8, -10/166 (168) HPs)
             Began as a Minotaur Berserker on May 8, 2016.
             Was a Believer of Trog.
             Mangled by Urug
             ... wielding a +0 war axe
              (15 damage)
             ... on level 11 of the Dungeon.
             The game lasted 00:06:20 (1557 turns).

pipel the Cleaver (Minotaur Berserker)              Turns: 1557, Time: 00:06:21

HP:   -10/166 (168) AC: 27    Str: 28    XL:     8   Next: 84%
MP:   7/7           EV:  2    Int:  4    God:    Trog [**....]
Gold: 113           SH:  0    Dex: 14    Spells: 0 memorised, 7 levels left

rFire  . . .     SeeInvis .     a - +0 war axe
rCold  . . .     Gourm    .     (armour currently unavailable)
rNeg   + + +     Faith    .     (no shield)
rPois  +         Spirit   .     (helmet currently unavailable)
rElec  .         Dismiss  .     (cloak currently unavailable)
rCorr  .         Reflect  .     (gloves currently unavailable)
SustAt .         Harm     .     (boots currently unavailable)
MR     .....     NoTele   +     (no amulet)
Stlth  ..........               B - +3 ring of dexterity
                                j - +3 ring of protection

@: berserking, tree-form, very quick, not resistant to hostile enchantments,
extremely unstealthy
A: (retaliatory headbutt), (horns 0)
a: Berserk, Trog's Hand, Burn Spellbooks, Renounce Religion


You were on level 11 of the Dungeon.
You worshipped Trog.
Trog was pleased with you.
You were not hungry.
You were a tree.
You visited 1 branch of the dungeon, and saw 12 of its levels.

You collected 113 gold pieces.

Inventory:

Hand Weapons
 a - a +0 war axe (weapon)
 b - a +0 blowgun
 s - a +0 hand axe
Missiles
 h - 17 poisoned needles
 k - 3 silver tomahawks (quivered)
Armour
 f - a +0 animal skin
 m - a +0 plate armour (melded)
 z - a +0 pair of gloves (melded)
Jewellery
 j - a +3 ring of protection (left branch)
 l - an uncursed ring of fire
 B - a +3 ring of dexterity (right branch)
Wands
 n - a wand of lightning (3/15)
 r - a wand of flame (4/48)
 v - a wand of enslavement (17/24)
Scrolls
 d - a scroll of teleportation
 u - a scroll of noise {unknown}
 w - a scroll of identify
 y - a scroll of magic mapping
Potions
 e - 2 potions of resistance
 g - a potion of cancellation
Comestibles
 c - a bread ration
 i - 2 meat rations
 q - 2 fruits
 t - 4 chunks of flesh
 A - a slice of pizza


   Skills:
 + Level 8.5 Fighting
 + Level 9.0 Axes
 + Level 5.5 Armour
 + Level 5.5 Dodging
 + Level 1.0 Stealth


You had 7 spell levels left.
You didn't know any spells.

Dungeon Overview and Level Annotations

Branches:
Dungeon (12/15)
 Temple: D:4-7         Lair: D:8-11         Orc: D:9-12

Altars:

Annotations:
D:11 Urug


Innate Abilities, Weirdness & Mutations

((You reflexively headbutt those who attack you in melee.))
((You have a pair of horns on your head.))


Message History

Drink which item? (? for menu, Esc to quit)
It was a potion of magic.
Magic courses through your body. Urug hits you but does no damage.
Drink which item? (? for menu, Esc to quit)
It was a potion of flight.
Your roots keep you in place.
Urug hits you with a war axe!
* * * LOW HITPOINT WARNING * * *
You take 9 damage, and have 3/111 hp.
Unknown command.
Drink which item? (? for menu, Esc to quit)
Okay, then.
A red film seems to cover your vision as you go berserk!
You feel yourself moving faster!
You feel mighty!
You feel somewhat more hungry.
You now have 4/166 hp.
Unknown command.
You hit Urug.
Urug is lightly wounded.
Urug hits you with a war axe!
You die...

...#.....#####.#
...#.....# #.#
...#.....# #.# .o.#
...#.....# #.# ...#
...####..# #.###...#
......#..#####...#...#
......#..........#...#
......#..........#...#
......#.........♣#...#
......#..........o...#
......#.......####...#
..#####.......# ...#
..# .........# ...#
..# ..........# >..#
..# ..........+ ...#
..# .... ...#
..########### ...#


You could see Urug.

Vanquished Creatures
  An ugly thing (D:11)
  An ice beast (D:8)
  An orc warrior (D:10)
  A necrophage (D:10)
  2 centaurs
  A sky beast (D:12)
  2 big kobolds
  3 giant frogs
  2 scorpions
  A wight (D:8)
  3 orc wizards
  A centaur skeleton (D:6)
  3 jellies
  2 orc priests
  2 worker ants
  6 adders
  An adder skeleton (D:5)
  2 giant geckos (D:5)
  6 orcs
  3 hobgoblins
  10 kobolds
  A bat (D:2)
  2 giant newts
  A quokka skeleton (D:10)
  A rat (D:3)
59 creatures vanquished.

Notes
Turn   | Place    | Note
--------------------------------------------------------------
     0 | D:1      | pipel the Minotaur Berserker began the quest for the Orb.
     0 | D:1      | Reached XP level 1. HP: 19/19 MP: 0/0
   251 | D:3      | Reached XP level 2. HP: 13/27 MP: 1/1
   473 | D:4      | Reached skill level 4 in Axes
   478 | D:4      | Reached XP level 3. HP: 12/33 MP: 2/2
   479 | D:4      | Reached XP level 4. HP: 13/41 MP: 3/3
   749 | D:5      | Entered Level 5 of the Dungeon
   758 | D:5      | Reached skill level 5 in Fighting
   765 | D:5      | Reached skill level 5 in Axes
   910 | D:5      | Reached XP level 5. HP: 48/48 MP: 4/4
   977 | D:7      | Noticed a centaur
  1012 | D:9      | Noticed a hippogriff
  1025 | D:8      | Reached XP level 6. HP: 51/57 MP: 5/5
  1032 | D:7      | Reached skill level 6 in Axes
  1036 | D:7      | Reached ** piety under Trog
  1036 | D:7      | Reached skill level 1 in Stealth
  1063 | D:8      | Noticed an ice beast
  1086 | D:8      | Killed an ice beast
  1086 | D:8      | Reached XP level 7. HP: 55/63 MP: 6/6
  1193 | D:10     | Entered Level 10 of the Dungeon
  1218 | D:10     | Reached skill level 7 in Axes
  1277 | D:10     | Reached skill level 5 in Dodging
  1281 | D:10     | Reached XP level 8. HP: 61/73 MP: 7/7
  1407 | D:12     | Reached skill level 8 in Axes
  1506 | D:11     | Noticed a red ugly thing
  1520 | D:11     | Killed a red ugly thing
  1520 | D:11     | Reached skill level 9 in Axes
  1520 | D:11     | Reached skill level 5 in Armour
  1542 | D:11     | Noticed Urug
  1555 | D:11     | HP: 3/111 [Urug/war axe (9)]
  1557 | D:11     | Mangled by Urug

Skill      XL: |  1  2  3  4  5  6  7  8 |
---------------+-------------------------+-----
Fighting       | 4 5 6 7 8 |  8.5
Axes           | 4 5 6 7 9 |  9.0
Dodging        | 3 4 5 |  5.5
Armour         | 3 4 5 |  5.5
Stealth        | 1 |  1.0

Action                   |  1- 3 |  4- 6 |  7- 9 || total
-------------------------+-------+-------+-------++-------
Melee: Hand axe          |    28 |    50 |    20 ||    98
       Headbutt          |     6 |     7 |    14 ||    27
       War axe           |       |       |    63 ||    63
Invok: Berserk           |     1 |     4 |     6 ||    11
  Use: Scroll            |       |       |     4 ||     4
       Potion            |       |       |     3 ||     3
  Eat: Bread ration      |       |     1 |       ||     1
       Chunk             |       |       |     8 ||     8
Armor: Animal skin       |     3 |     5 |       ||     8
       Plate armour      |       |    29 |    71 ||   100
       Skin              |       |       |     1 ||     1
Dodge: Dodged            |    21 |    23 |    42 ||    86
